[ PARTIDA AOE2 · #484505350 ]
Team RMMongoles vs Vietnamese
[ ANÁLISIS DE REPETICIÓN · EXTRAÍDO DE LA PARTIDA GRABADA ]
Feudal
11:09
Castillos
16:12
Imperial
50:51
| APM promedio | 35.5 |
| APM pico | 71 |
| eAPM promedio | 21.7 |
| Aldeanos / militares | 155 / 328 |
Foco
⚔️ 43.8% · 🌾 56.2%
Scout Cavalry ×206 · Mangudai ×93 · Trade Cart ×21 · Scorpion ×15 · Trebuchet (Packed) ×10 · Mangonel ×4
Feudal
8:58
Castillos
21:04
Imperial
38:35
| APM promedio | 51.6 |
| APM pico | 91 |
| eAPM promedio | 18.9 |
| Aldeanos / militares | 202 / 190 |
Foco
⚔️ 27.6% · 🌾 72.4%
Janissary ×64 · Cavalry Archer ×60 · Scout Cavalry ×37 · Bombard Cannon ×19 · Archer ×8 · Monk ×2
Feudal
11:29
Castillos
22:35
Imperial
47:49
| APM promedio | 57.8 |
| APM pico | 102 |
| eAPM promedio | 17.9 |
| Aldeanos / militares | 139 / 272 |
Foco
⚔️ 39.1% · 🌾 60.9%
Skirmisher ×173 · Fire Lancer ×76 · Archer ×6 · Petard ×4 · Battering Ram ×4 · Trebuchet (Packed) ×4
Feudal
10:50
Castillos
20:03
Imperial
39:17
| APM promedio | 28.1 |
| APM pico | 73 |
| eAPM promedio | 14.2 |
| Aldeanos / militares | 154 / 385 |
Foco
⚔️ 28.7% · 🌾 71.3%
Scout Cavalry ×366 · Spearman ×8 · Trebuchet (Packed) ×6 · Monk ×3 · Battering Ram ×2
Mapa de la partida
Recursos iniciales + cada clic de construcción. Líneas = muros · curvas = relieve. ◆ oro · ⬟ piedra · ● bayas · ✦ reliquia · ◌ hueco del cierre
Tu base· ✓ Cerrada en 16:12 · 81t muro · 1 puerta(s)
Base de SDK.SALEM6· Abierta — flanco sin cerrar
Base de LBAoE | Lord Favius· ✓ Cerrada en 22:35 · 55t muro · 1 puerta(s)
Base de salikoff· Abierta — hueco de 7t
Terreno inicial suavizado · ◌ = hueco del cierre detectado · pasá el cursor para detalles
Inputs por minuto
— Tom Bombadil - - SDK.SALEM6
Build order — Tom Bombadil
Primeras 150 de 727 acciones detectadas
| 0:01 | Crear | Villager (Male) |
| 0:01 | Crear | Villager (Male) |
| 0:01 | Crear | Villager (Male) |
| 0:03 | Construir | House |
| 0:04 | Construir | House |
| 1:03 | Crear | Villager (Male) |
| 1:04 | Crear | Villager (Male) |
| 1:38 | Crear | Villager (Male) |
| 2:16 | Construir | House |
| 2:17 | Construir | House |
| 2:19 | Construir | Lumber Camp |
| 2:43 | Crear | Villager (Male) |
| 2:43 | Crear | Villager (Male) |
| 2:44 | Crear | Villager (Male) |
| 2:44 | Crear | Villager (Male) |
| 3:32 | Crear | Villager (Male) |
| 3:57 | Crear | Villager (Male) |
| 3:58 | Crear | Villager (Male) |
| 4:34 | Crear | Villager (Male) |
| 4:34 | Crear | Villager (Male) |
| 4:35 | Crear | Villager (Male) |
| 4:45 | Crear | Villager (Male) |
| 4:46 | Crear | Villager (Male) |
| 4:55 | Investigar | Loom |
| 5:19 | Crear | Villager (Male) |
| 5:19 | Crear | Villager (Male) |
| 5:19 | Crear | Villager (Male) |
| 5:24 | Crear | Villager (Male) |
| 5:53 | Construir | Palisade Wall |
| 5:57 | Construir | Palisade Wall |
| 5:58 | Construir | Palisade Wall |
| 5:59 | Construir | Palisade Wall |
| 6:07 | Construir | Palisade Wall |
| 6:14 | Crear | Villager (Male) |
| 6:15 | Crear | Villager (Male) |
| 6:46 | Construir | Palisade Wall |
| 6:51 | Construir | Mining Camp |
| 7:46 | Construir | Mill |
| 7:58 | Construir | Palisade Gate |
| 8:21 | Construir | Mill |
| 8:59 | Investigar | Feudal Age |
| 9:48 | Construir | Palisade Wall |
| 9:51 | Construir | Palisade Wall |
| 9:55 | Construir | Palisade Wall |
| 10:27 | Investigar | Loom |
| 10:28 | Crear | Villager (Male) |
| 10:28 | Crear | Villager (Male) |
| 10:40 | Construir | House |
| 10:42 | Construir | House |
| 11:06 | Construir | Farm |
| 11:06 | Construir | Farm |
| 11:09 | Edad | Edad Feudal |
| 11:20 | Construir | Market |
| 11:36 | Construir | Blacksmith |
| 12:03 | Construir | Farm |
| 12:07 | Crear | Villager (Male) |
| 13:01 | Crear | Villager (Male) |
| 13:04 | Construir | Farm |
| 13:32 | Investigar | Castle Age |
| 14:08 | Investigar | Double-Bit Axe |
| 14:14 | Construir | Mining Camp |
| 14:19 | Construir | Mining Camp |
| 15:08 | Construir | Farm |
| 15:10 | Investigar | Horse Collar |
| 15:18 | Investigar | Gold Mining |
| 16:02 | Construir | Farm |
| 16:05 | Investigar | Fletching |
| 16:12 | Edad | Edad de los Castillos |
| 16:13 | Crear | Villager (Male) |
| 16:34 | Crear | Villager (Male) |
| 16:44 | Construir | Farm |
| 17:20 | Crear | Villager (Male) |
| 17:42 | Crear | Villager (Male) |
| 17:49 | Investigar | Wheelbarrow |
| 18:25 | Construir | Castle |
| 18:30 | Crear | Villager (Male) |
| 18:50 | Crear | Villager (Male) |
| 19:23 | Construir | House |
| 19:26 | Construir | Stone Wall |
| 19:28 | Construir | Stone Wall |
| 19:30 | Construir | Stone Wall |
| 19:44 | Crear | Villager (Male) |
| 19:48 | Construir | Farm |
| 19:51 | Investigar | Fletching |
| 20:25 | Construir | Town Center |
| 20:32 | Investigar | Padded Archer Armor |
| 20:35 | Crear | Villager (Male) |
| 21:02 | Crear | Mangudai |
| 21:20 | Construir | Watch Tower |
| 21:26 | Crear | Mangudai |
| 21:26 | Crear | Mangudai |
| 21:45 | Crear | Villager (Male) |
| 21:45 | Crear | Villager (Male) |
| 22:06 | Construir | Farm |
| 22:10 | Crear | Villager (Male) |
| 22:10 | Crear | Villager (Male) |
| 22:38 | Crear | Villager (Male) |
| 22:38 | Crear | Villager (Male) |
| 22:43 | Construir | Farm |
| 22:43 | Construir | Farm |
| 22:43 | Construir | Farm |
| 23:05 | Crear | Mangudai |
| 23:05 | Crear | Mangudai |
| 23:10 | Crear | Villager (Male) |
| 23:11 | Crear | Villager (Male) |
| 23:15 | Construir | Town Center |
| 23:24 | Crear | Villager (Male) |
| 23:24 | Crear | Villager (Male) |
| 23:28 | Crear | Mangudai |
| 23:55 | Crear | Mangudai |
| 24:02 | Investigar | Leather Archer Armor |
| 24:37 | Construir | Siege Workshop |
| 24:39 | Construir | Barracks |
| 25:07 | Crear | Mangudai |
| 25:07 | Crear | Mangudai |
| 25:08 | Crear | Mangudai |
| 25:09 | Crear | Villager (Male) |
| 25:15 | Investigar | Bodkin Arrow |
| 25:15 | Investigar | Bodkin Arrow |
| 25:20 | Construir | Farm |
| 25:20 | Construir | Farm |
| 25:20 | Construir | Farm |
| 25:20 | Construir | Farm |
| 25:21 | Construir | Farm |
| 26:21 | Crear | Mangonel |
| 26:24 | Crear | Villager (Male) |
| 26:25 | Crear | Villager (Male) |
| 26:51 | Construir | Castle |
| 26:59 | Crear | Villager (Male) |
| 26:59 | Crear | Villager (Male) |
| 27:15 | Construir | House |
| 27:19 | Construir | Stone Wall |
| 27:21 | Construir | Stone Wall |
| 27:23 | Construir | Stone Wall |
| 27:25 | Construir | Stone Wall |
| 27:26 | Construir | Stone Wall |
| 27:55 | Crear | Mangonel |
| 28:29 | Construir | University |
| 28:42 | Crear | Villager (Male) |
| 28:42 | Crear | Villager (Male) |
| 28:50 | Investigar | Hand Cart |
| 28:50 | Investigar | Hand Cart |
| 29:19 | Construir | Lumber Camp |
| 29:28 | Crear | Villager (Male) |
| 29:28 | Crear | Villager (Male) |
| 30:08 | Construir | Farm |
| 30:11 | Construir | Farm |
| 30:12 | Construir | Farm |
| 30:12 | Construir | Farm |
| 30:12 | Construir | Farm |
Build order — SDK.SALEM6
Primeras 150 de 552 acciones detectadas
| 0:01 | Crear | Villager (Male) |
| 0:01 | Crear | Villager (Male) |
| 0:01 | Crear | Villager (Male) |
| 0:03 | Construir | House |
| 0:06 | Construir | House |
| 0:44 | Crear | Villager (Male) |
| 0:44 | Crear | Villager (Male) |
| 1:28 | Crear | Villager (Male) |
| 1:28 | Crear | Villager (Male) |
| 1:57 | Crear | Villager (Male) |
| 1:58 | Crear | Villager (Male) |
| 2:00 | Construir | Lumber Camp |
| 2:18 | Crear | Villager (Male) |
| 2:18 | Crear | Villager (Male) |
| 2:39 | Crear | Villager (Male) |
| 3:01 | Crear | Villager (Male) |
| 3:02 | Crear | Villager (Male) |
| 3:28 | Construir | House |
| 3:33 | Crear | Villager (Male) |
| 4:14 | Crear | Villager (Male) |
| 4:14 | Crear | Villager (Male) |
| 4:14 | Crear | Villager (Male) |
| 4:22 | Construir | Mill |
| 4:45 | Crear | Villager (Male) |
| 4:45 | Crear | Villager (Male) |
| 4:46 | Crear | Villager (Male) |
| 5:19 | Crear | Villager (Male) |
| 5:20 | Crear | Villager (Male) |
| 5:46 | Crear | Villager (Male) |
| 6:48 | Investigar | Feudal Age |
| 7:26 | Construir | House |
| 7:43 | Construir | Barracks |
| 7:50 | Crear | Villager (Male) |
| 7:51 | Crear | Villager (Male) |
| 7:54 | Investigar | Loom |
| 8:13 | Crear | Villager (Male) |
| 8:48 | Construir | House |
| 8:53 | Crear | Villager (Male) |
| 8:57 | Investigar | Loom |
| 8:58 | Edad | Edad Feudal |
| 9:02 | Construir | Stable |
| 9:27 | Construir | Mill |
| 9:37 | Crear | Villager (Male) |
| 9:44 | Crear | Scout Cavalry |
| 9:44 | Crear | Scout Cavalry |
| 10:12 | Investigar | Double-Bit Axe |
| 10:17 | Construir | Farm |
| 10:46 | Crear | Villager (Male) |
| 10:57 | Crear | Scout Cavalry |
| 10:57 | Crear | Scout Cavalry |
| 11:00 | Construir | Farm |
| 11:09 | Construir | Farm |
| 11:29 | Crear | Villager (Male) |
| 11:29 | Crear | Villager (Male) |
| 11:43 | Construir | House |
| 12:17 | Crear | Villager (Male) |
| 12:18 | Crear | Villager (Male) |
| 12:18 | Crear | Villager (Male) |
| 12:18 | Crear | Villager (Male) |
| 12:46 | Crear | Scout Cavalry |
| 12:46 | Crear | Scout Cavalry |
| 12:50 | Crear | Villager (Male) |
| 12:53 | Construir | House |
| 12:57 | Construir | Farm |
| 13:00 | Construir | Farm |
| 13:00 | Construir | Farm |
| 13:01 | Construir | Farm |
| 13:01 | Construir | Farm |
| 13:05 | Crear | Villager (Male) |
| 13:10 | Construir | Farm |
| 13:13 | Construir | House |
| 14:17 | Crear | Scout Cavalry |
| 14:18 | Crear | Scout Cavalry |
| 14:19 | Crear | Scout Cavalry |
| 14:22 | Crear | Villager (Male) |
| 14:27 | Construir | House |
| 14:57 | Crear | Villager (Male) |
| 14:58 | Crear | Villager (Male) |
| 15:01 | Construir | Farm |
| 15:03 | Construir | Mining Camp |
| 15:09 | Construir | Market |
| 15:48 | Crear | Villager (Male) |
| 15:49 | Crear | Villager (Male) |
| 15:57 | Crear | Scout Cavalry |
| 16:45 | Construir | Farm |
| 16:48 | Construir | Farm |
| 16:51 | Investigar | Wheelbarrow |
| 16:56 | Construir | House |
| 16:59 | Construir | Archery Range |
| 17:00 | Construir | Archery Range |
| 17:33 | Construir | Farm |
| 17:33 | Construir | Farm |
| 17:33 | Construir | Farm |
| 17:34 | Construir | Farm |
| 17:34 | Construir | Farm |
| 17:34 | Construir | Farm |
| 17:35 | Construir | Farm |
| 18:13 | Construir | Farm |
| 18:24 | Investigar | Castle Age |
| 19:40 | Construir | Archery Range |
| 19:43 | Crear | Villager (Male) |
| 19:44 | Crear | Villager (Male) |
| 19:53 | Investigar | Horse Collar |
| 19:55 | Investigar | Gold Mining |
| 20:33 | Crear | Villager (Male) |
| 20:33 | Crear | Villager (Male) |
| 20:34 | Crear | Villager (Male) |
| 20:46 | Construir | Blacksmith |
| 20:54 | Construir | House |
| 20:55 | Construir | House |
| 21:04 | Edad | Edad de los Castillos |
| 21:12 | Construir | House |
| 21:21 | Crear | Villager (Male) |
| 21:29 | Construir | Lumber Camp |
| 21:36 | Construir | Lumber Camp |
| 21:38 | Crear | Villager (Male) |
| 21:38 | Crear | Villager (Male) |
| 21:51 | Construir | Lumber Camp |
| 21:56 | Investigar | Fletching |
| 21:57 | Investigar | Padded Archer Armor |
| 22:05 | Crear | Villager (Male) |
| 22:12 | Crear | Cavalry Archer |
| 22:12 | Crear | Cavalry Archer |
| 22:25 | Crear | Cavalry Archer |
| 22:32 | Construir | Palisade Gate |
| 22:41 | Crear | Cavalry Archer |
| 22:41 | Crear | Cavalry Archer |
| 22:45 | Investigar | Husbandry |
| 22:46 | Investigar | Bloodlines |
| 22:48 | Crear | Villager (Male) |
| 22:57 | Crear | Villager (Male) |
| 23:00 | Crear | Cavalry Archer |
| 23:00 | Crear | Cavalry Archer |
| 23:15 | Crear | Cavalry Archer |
| 23:16 | Crear | Cavalry Archer |
| 23:22 | Construir | House |
| 23:23 | Construir | House |
| 23:28 | Investigar | Bodkin Arrow |
| 23:30 | Crear | Cavalry Archer |
| 23:39 | Crear | Villager (Male) |
| 23:39 | Crear | Villager (Male) |
| 23:44 | Crear | Cavalry Archer |
| 23:45 | Crear | Cavalry Archer |
| 23:45 | Crear | Cavalry Archer |
| 23:53 | Crear | Villager (Male) |
| 24:01 | Crear | Cavalry Archer |
| 24:11 | Construir | House |
| 24:12 | Construir | House |
| 24:17 | Crear | Cavalry Archer |
| 24:17 | Crear | Cavalry Archer |
Build order — LBAoE | Lord Favius
Primeras 150 de 478 acciones detectadas
| 0:00 | Crear | Villager (Male) |
| 0:01 | Crear | Villager (Male) |
| 0:01 | Crear | Villager (Male) |
| 0:02 | Crear | Villager (Male) |
| 0:03 | Construir | House |
| 0:05 | Construir | House |
| 1:25 | Crear | Villager (Male) |
| 1:58 | Construir | Lumber Camp |
| 2:07 | Crear | Villager (Male) |
| 2:07 | Crear | Villager (Male) |
| 2:30 | Crear | Villager (Male) |
| 2:30 | Crear | Villager (Male) |
| 3:00 | Crear | Villager (Male) |
| 3:53 | Crear | Villager (Male) |
| 3:53 | Crear | Villager (Male) |
| 4:22 | Construir | House |
| 4:52 | Crear | Villager (Male) |
| 4:57 | Construir | Mill |
| 5:28 | Crear | Villager (Male) |
| 5:28 | Crear | Villager (Male) |
| 6:03 | Crear | Villager (Male) |
| 6:03 | Crear | Villager (Male) |
| 6:06 | Investigar | Loom |
| 6:10 | Crear | Villager (Male) |
| 6:25 | Construir | Mill |
| 6:47 | Crear | Villager (Male) |
| 7:09 | Crear | Villager (Male) |
| 7:15 | Crear | Villager (Male) |
| 7:43 | Crear | Villager (Male) |
| 8:02 | Investigar | Loom |
| 8:28 | Construir | Farm |
| 8:38 | Construir | Farm |
| 8:44 | Crear | Villager (Male) |
| 8:48 | Investigar | Loom |
| 8:52 | Construir | House |
| 9:19 | Investigar | Feudal Age |
| 9:23 | Construir | Palisade Wall |
| 9:29 | Construir | Barracks |
| 9:51 | Crear | Villager (Male) |
| 10:32 | Construir | House |
| 10:45 | Crear | Villager (Male) |
| 10:59 | Construir | Palisade Wall |
| 11:29 | Edad | Edad Feudal |
| 11:42 | Construir | Archery Range |
| 11:46 | Construir | Palisade Wall |
| 11:56 | Crear | Villager (Male) |
| 12:09 | Construir | Farm |
| 12:10 | Crear | Villager (Male) |
| 12:27 | Construir | Mining Camp |
| 12:40 | Crear | Archer |
| 12:40 | Crear | Archer |
| 12:49 | Crear | Villager (Male) |
| 12:55 | Crear | Villager (Male) |
| 13:05 | Construir | Blacksmith |
| 13:35 | Crear | Villager (Male) |
| 13:42 | Construir | Farm |
| 13:43 | Construir | Farm |
| 13:43 | Construir | Farm |
| 13:43 | Construir | Farm |
| 13:53 | Crear | Villager (Male) |
| 14:05 | Construir | House |
| 14:07 | Construir | Palisade Wall |
| 14:14 | Construir | Palisade Wall |
| 14:29 | Construir | Palisade Wall |
| 14:41 | Construir | Palisade Wall |
| 14:57 | Crear | Villager (Male) |
| 14:57 | Crear | Villager (Male) |
| 15:02 | Investigar | Double-Bit Axe |
| 15:05 | Investigar | Fletching |
| 15:07 | Crear | Archer |
| 15:07 | Crear | Archer |
| 15:23 | Construir | Palisade Wall |
| 15:31 | Construir | House |
| 15:44 | Crear | Archer |
| 15:45 | Crear | Archer |
| 15:56 | Construir | House |
| 16:14 | Construir | Palisade Gate |
| 16:33 | Crear | Spearman |
| 16:33 | Crear | Spearman |
| 17:19 | Construir | Farm |
| 17:20 | Crear | Villager (Male) |
| 17:33 | Crear | Spearman |
| 18:04 | Construir | House |
| 18:09 | Construir | House |
| 18:21 | Construir | Lumber Camp |
| 18:31 | Crear | Villager (Male) |
| 18:44 | Construir | Farm |
| 19:53 | Crear | Villager (Male) |
| 19:56 | Investigar | Castle Age |
| 20:01 | Construir | Lumber Camp |
| 20:03 | Crear | Villager (Male) |
| 20:41 | Investigar | Scale Mail Armor |
| 20:43 | Investigar | Padded Archer Armor |
| 20:56 | Crear | Villager (Male) |
| 20:57 | Crear | Villager (Male) |
| 21:02 | Construir | House |
| 21:32 | Crear | Villager (Male) |
| 22:17 | Crear | Villager (Male) |
| 22:23 | Crear | Villager (Male) |
| 22:30 | Construir | Farm |
| 22:30 | Construir | Farm |
| 22:30 | Construir | Farm |
| 22:31 | Construir | Farm |
| 22:32 | Construir | Farm |
| 22:35 | Edad | Edad de los Castillos |
| 22:44 | Construir | Town Center |
| 22:49 | Crear | Fire Lancer |
| 22:49 | Crear | Fire Lancer |
| 22:50 | Crear | Fire Lancer |
| 22:50 | Crear | Fire Lancer |
| 22:50 | Crear | Fire Lancer |
| 22:50 | Crear | Fire Lancer |
| 22:51 | Crear | Fire Lancer |
| 22:51 | Crear | Fire Lancer |
| 22:51 | Crear | Fire Lancer |
| 22:51 | Crear | Fire Lancer |
| 22:52 | Crear | Fire Lancer |
| 22:54 | Investigar | Forging |
| 23:20 | Construir | Siege Workshop |
| 23:40 | Construir | Town Center |
| 23:41 | Crear | Villager (Male) |
| 24:06 | Investigar | Leather Archer Armor |
| 24:16 | Crear | Villager (Male) |
| 24:39 | Crear | Skirmisher |
| 24:39 | Crear | Skirmisher |
| 24:39 | Crear | Skirmisher |
| 24:40 | Crear | Skirmisher |
| 25:10 | Crear | Fire Lancer |
| 25:11 | Crear | Fire Lancer |
| 25:11 | Crear | Fire Lancer |
| 25:18 | Crear | Villager (Male) |
| 25:29 | Construir | Farm |
| 25:29 | Construir | Farm |
| 25:30 | Construir | Farm |
| 25:30 | Construir | Farm |
| 25:30 | Construir | Farm |
| 25:35 | Crear | Villager (Male) |
| 25:36 | Crear | Villager (Male) |
| 25:36 | Crear | Villager (Male) |
| 25:53 | Crear | Villager (Male) |
| 26:26 | Crear | Villager (Male) |
| 26:26 | Crear | Villager (Male) |
| 26:30 | Construir | Farm |
| 26:30 | Construir | Farm |
| 26:30 | Construir | Farm |
| 26:30 | Construir | Farm |
| 26:31 | Construir | Farm |
| 26:31 | Construir | Farm |
| 26:34 | Crear | Villager (Male) |
| 26:49 | Crear | Villager (Male) |
Build order — salikoff
Primeras 150 de 482 acciones detectadas
| 0:01 | Crear | Villager (Male) |
| 0:01 | Crear | Villager (Male) |
| 0:02 | Crear | Villager (Male) |
| 0:03 | Construir | House |
| 0:04 | Construir | House |
| 0:26 | Crear | Villager (Male) |
| 1:26 | Crear | Villager (Male) |
| 2:06 | Crear | Villager (Male) |
| 2:14 | Crear | Villager (Male) |
| 2:32 | Construir | Lumber Camp |
| 2:49 | Investigar | Loom |
| 2:51 | Crear | Villager (Male) |
| 3:08 | Crear | Villager (Male) |
| 4:06 | Construir | Mill |
| 4:16 | Construir | House |
| 4:24 | Crear | Villager (Male) |
| 4:51 | Crear | Villager (Male) |
| 5:12 | Crear | Villager (Male) |
| 5:13 | Crear | Villager (Male) |
| 5:45 | Crear | Villager (Male) |
| 5:45 | Crear | Villager (Male) |
| 5:46 | Crear | Villager (Male) |
| 6:20 | Crear | Villager (Male) |
| 6:20 | Crear | Villager (Male) |
| 6:29 | Crear | Villager (Male) |
| 6:33 | Construir | House |
| 6:51 | Crear | Villager (Male) |
| 6:59 | Crear | Villager (Male) |
| 8:36 | Investigar | Feudal Age |
| 8:42 | Construir | Mill |
| 10:01 | Construir | Mining Camp |
| 10:17 | Crear | Villager (Male) |
| 10:17 | Crear | Villager (Male) |
| 10:48 | Construir | Farm |
| 10:49 | Construir | Farm |
| 10:50 | Construir | Farm |
| 10:50 | Edad | Edad Feudal |
| 10:59 | Construir | Barracks |
| 11:09 | Construir | Palisade Wall |
| 11:13 | Investigar | Horse Collar |
| 11:41 | Construir | Blacksmith |
| 12:15 | Crear | Spearman |
| 12:15 | Crear | Spearman |
| 12:21 | Construir | Palisade Wall |
| 12:30 | Crear | Spearman |
| 13:07 | Construir | Farm |
| 13:07 | Construir | Farm |
| 13:07 | Construir | Farm |
| 13:07 | Construir | Farm |
| 13:12 | Construir | House |
| 13:53 | Construir | Blacksmith |
| 13:58 | Crear | Villager (Male) |
| 14:09 | Crear | Spearman |
| 14:15 | Crear | Villager (Male) |
| 14:27 | Crear | Villager (Male) |
| 15:18 | Crear | Villager (Male) |
| 15:26 | Construir | House |
| 15:47 | Crear | Villager (Male) |
| 16:01 | Construir | Stable |
| 16:25 | Construir | Farm |
| 16:30 | Crear | Villager (Male) |
| 16:58 | Crear | Villager (Male) |
| 17:02 | Construir | Farm |
| 17:14 | Investigar | Castle Age |
| 17:34 | Construir | Farm |
| 17:46 | Construir | Farm |
| 18:15 | Construir | House |
| 18:24 | Construir | Palisade Wall |
| 19:48 | Crear | Villager (Male) |
| 19:49 | Crear | Villager (Male) |
| 20:03 | Edad | Edad de los Castillos |
| 20:06 | Construir | Town Center |
| 20:12 | Construir | Town Center |
| 20:28 | Crear | Villager (Male) |
| 20:39 | Investigar | Scale Mail Armor |
| 20:40 | Investigar | Pikeman (upgrade) |
| 20:45 | Construir | Farm |
| 20:59 | Crear | Villager (Male) |
| 20:59 | Crear | Villager (Male) |
| 21:03 | Construir | Farm |
| 21:15 | Crear | Villager (Male) |
| 21:15 | Crear | Villager (Male) |
| 22:16 | Construir | Farm |
| 22:21 | Crear | Villager (Male) |
| 22:22 | Crear | Villager (Male) |
| 22:23 | Crear | Villager (Male) |
| 22:23 | Crear | Villager (Male) |
| 22:24 | Crear | Villager (Male) |
| 22:26 | Crear | Villager (Male) |
| 22:45 | Investigar | Heavy Plow |
| 22:49 | Investigar | Fletching |
| 22:49 | Crear | Villager (Male) |
| 22:57 | Crear | Villager (Male) |
| 23:25 | Construir | Monastery |
| 23:31 | Crear | Villager (Male) |
| 23:40 | Crear | Spearman |
| 23:41 | Crear | Spearman |
| 24:10 | Investigar | Bloodlines |
| 24:19 | Investigar | Forging |
| 24:48 | Crear | Villager (Male) |
| 24:49 | Crear | Villager (Male) |
| 24:49 | Crear | Villager (Male) |
| 24:49 | Crear | Villager (Male) |
| 24:50 | Crear | Villager (Male) |
| 24:56 | Construir | House |
| 25:21 | Crear | Scout Cavalry |
| 25:21 | Crear | Scout Cavalry |
| 25:21 | Crear | Scout Cavalry |
| 25:50 | Construir | Palisade Wall |
| 26:12 | Investigar | Light Cavalry (upgrade) |
| 26:25 | Construir | Palisade Wall |
| 26:35 | Construir | House |
| 26:37 | Construir | House |
| 26:52 | Crear | Villager (Male) |
| 27:07 | Construir | Castle |
| 27:27 | Crear | Villager (Male) |
| 27:40 | Investigar | Bodkin Arrow |
| 27:41 | Crear | Villager (Male) |
| 28:09 | Crear | Villager (Male) |
| 28:32 | Crear | Villager (Male) |
| 28:44 | Construir | Farm |
| 28:52 | Construir | Farm |
| 28:52 | Construir | Farm |
| 28:52 | Construir | Farm |
| 28:53 | Construir | Farm |
| 28:53 | Construir | Farm |
| 28:54 | Construir | Farm |
| 28:54 | Construir | Farm |
| 28:54 | Construir | Farm |
| 28:54 | Construir | Farm |
| 28:54 | Construir | Farm |
| 29:03 | Crear | Villager (Male) |
| 29:06 | Investigar | Wheelbarrow |
| 29:14 | Construir | Town Center |
| 29:22 | Crear | Villager (Male) |
| 29:44 | Crear | Villager (Male) |
| 29:44 | Crear | Villager (Male) |
| 29:52 | Crear | Monk |
| 29:59 | Crear | Scout Cavalry |
| 30:09 | Crear | Villager (Male) |
| 30:09 | Crear | Villager (Male) |
| 30:15 | Construir | Farm |
| 30:15 | Construir | Farm |
| 30:15 | Construir | Farm |
| 30:16 | Construir | Farm |
| 30:16 | Construir | Farm |
| 30:47 | Investigar | Scale Barding Armor |
| 30:50 | Construir | Farm |
| 31:06 | Crear | Monk |
| 31:09 | Crear | Villager (Male) |
Cronología de la partida
| 5:53 | Tom Bombadil · wall_segment Palisade Wall x5 |
| 5:57 | Tom Bombadil · wall_segment Palisade Wall x4 |
| 5:58 | Tom Bombadil · wall_segment Palisade Wall x5 |
| 5:59 | Tom Bombadil · wall_segment Palisade Wall x6 |
| 6:07 | Tom Bombadil · wall_segment Palisade Wall x12 |
| 6:46 | Tom Bombadil · wall_segment Palisade Wall x10 |
| 7:43 | SDK.SALEM6 · first_building Barracks |
| 8:58 | SDK.SALEM6 · age_up feudal |
| 9:02 | SDK.SALEM6 · first_building Stable |
| 9:23 | LBAoE | Lord Favius · wall_segment Palisade Wall x1 |
| 9:29 | LBAoE | Lord Favius · first_building Barracks |
| 9:48 | Tom Bombadil · wall_segment Palisade Wall x32 |
| 9:51 | Tom Bombadil · wall_segment Palisade Wall x1 |
| 9:55 | Tom Bombadil · wall_segment Palisade Wall x9 |
| 10:50 | salikoff · age_up feudal |
| 10:59 | LBAoE | Lord Favius · wall_segment Palisade Wall x8 |
| 10:59 | salikoff · first_building Barracks |
| 11:09 | Tom Bombadil · age_up feudal |
| 11:09 | salikoff · wall_segment Palisade Wall x4 |
| 11:29 | LBAoE | Lord Favius · age_up feudal |
| 11:42 | LBAoE | Lord Favius · first_building Archery Range |
| 11:46 | LBAoE | Lord Favius · wall_segment Palisade Wall x1 |
| 12:21 | salikoff · wall_segment Palisade Wall x1 |
| 13:29 | Tom Bombadil · first_market_sell 100 wood |
| 14:07 | LBAoE | Lord Favius · wall_segment Palisade Wall x3 |
| 14:14 | LBAoE | Lord Favius · wall_segment Palisade Wall x3 |
| 14:29 | LBAoE | Lord Favius · wall_segment Palisade Wall x4 |
| 14:41 | LBAoE | Lord Favius · wall_segment Palisade Wall x10 |
| 15:23 | LBAoE | Lord Favius · wall_segment Palisade Wall x26 |
| 16:01 | salikoff · first_building Stable |
| 16:12 | Tom Bombadil · age_up castle |
| 16:59 | SDK.SALEM6 · first_building Archery Range |
| 17:53 | SDK.SALEM6 · first_market_sell 100 wood |
| 18:22 | SDK.SALEM6 · first_market_buy 100 food |
| 18:24 | salikoff · wall_segment Palisade Wall x9 |
| 18:25 | Tom Bombadil · first_building Castle |
| 19:26 | Tom Bombadil · wall_segment Stone Wall x1 |
| 19:28 | Tom Bombadil · wall_segment Stone Wall x1 |
| 19:30 | Tom Bombadil · wall_segment Stone Wall x1 |
| 20:03 | salikoff · age_up castle |
| 21:04 | SDK.SALEM6 · age_up castle |
| 22:35 | LBAoE | Lord Favius · age_up castle |
| 23:20 | LBAoE | Lord Favius · first_building Siege Workshop |
| 23:25 | salikoff · first_building Monastery |
| 24:37 | Tom Bombadil · first_building Siege Workshop |
| 24:39 | Tom Bombadil · first_building Barracks |
| 25:50 | salikoff · wall_segment Palisade Wall x6 |
| 26:25 | salikoff · wall_segment Palisade Wall x1 |
| 26:34 | Tom Bombadil · first_market_buy 100 stone |
| 27:07 | salikoff · first_building Castle |
| 27:19 | Tom Bombadil · wall_segment Stone Wall x1 |
| 27:21 | Tom Bombadil · wall_segment Stone Wall x1 |
| 27:23 | Tom Bombadil · wall_segment Stone Wall x1 |
| 27:25 | Tom Bombadil · wall_segment Stone Wall x1 |
| 27:26 | Tom Bombadil · wall_segment Stone Wall x1 |
| 34:16 | salikoff · first_building Siege Workshop |
| 34:30 | SDK.SALEM6 · first_building Monastery |
| 35:14 | SDK.SALEM6 · first_building Castle |
| 36:41 | SDK.SALEM6 · first_building Siege Workshop |
| 38:35 | SDK.SALEM6 · age_up imperial |
| 39:17 | salikoff · age_up imperial |
| 40:27 | Tom Bombadil · first_building Stable |
| 45:35 | salikoff · first_market_buy 100 stone |
| 46:42 | LBAoE | Lord Favius · first_building Castle |
| 47:49 | LBAoE | Lord Favius · age_up imperial |
| 50:51 | Tom Bombadil · age_up imperial |
| 66:29 | LBAoE | Lord Favius · resign |
[ ANÁLISIS IA · 1 CRÉDITO ]
¿Qué pasó realmente en esta partida?
Wolo.gg analiza cada decisión: build order, eco, micro, errores típicos por bracket. Análisis personalizado por WhatsApp o Discord en 30 segundos.
Guía civ
Mongoles
Guía mapa
Arabia
Perfil
Jugador #3353971